 Dungeon Crawl Stone Soup version 0.21.1-1-g345015fe64 (webtiles) character file.

235 Kholdaimon the Slinger (level 6, -1/41 HPs)
             Began as a Halfling Hunter on June 15, 2018.
             Slain by a phantom (5 damage)
             ... on level 3 of the Dungeon.
             The game lasted 00:41:43 (3623 turns).

Kholdaimon the Slinger (Halfling Hunter)            Turns: 3623, Time: 00:41:44

Health: -1/41      AC:  9    Str: 13    XL:     6   Next: 27%
Magic:  6/6        EV: 14    Int:  9    God:
Gold:   217        SH:  0    Dex: 17    Spells: 5/5 levels left

rFire    . . .     SeeInvis .   b - +0 short sword
rCold    . . .     Gourm    .   (shield restricted)
rNeg     . . .     Faith    .   t - +0 ring mail
rPois    .         Spirit   .   k - +0 helmet
rElec    .         Reflect  .   (no cloak)
rCorr    .         Harm     .   (no gloves)
MR       .....                  (no boots)
Stlth    +.........             (no amulet)
HPRegen  0.13/turn              c - +3 ring of protection
MPRegen  0.10/turn              y - ring of flight

@: no status effects
A: small, mutation resistance 1
a: Evoke Flight


You were on level 3 of the Dungeon.
You were hungry.

You visited 1 branch of the dungeon, and saw 4 of its levels.
You also visited: Sewer.

You collected 217 gold pieces.

Inventory:

Hand Weapons
 a - a +1 hunting sling
 b - a +0 short sword (weapon)
Armour
 k - a +0 helmet (worn)
 t - a +0 ring mail (worn)
Jewellery
 c - a +3 ring of protection (left hand)
 l - an uncursed ring of wizardry
 y - a ring of flight (right hand)
Wands
 d - a wand of flame (10)
Scrolls
 h - a scroll of fog {unknown}
 j - a scroll of enchant weapon {unknown}
 m - a scroll of fear {unknown}
 o - a scroll of teleportation
 p - 2 scrolls of remove curse
 r - a scroll of amnesia {unknown}
 v - a scroll of enchant armour {unknown}
 x - a scroll of magic mapping {unknown}
Potions
 g - a potion of ambrosia
 i - 2 potions of curing
 n - a potion of might
 s - a potion of haste
 u - a potion of brilliance {unknown}
Comestibles
 f - 4 rations


   Skills:
 + Level 2.6 Fighting
 + Level 9.0 Slings
 + Level 1.3 Armour
 + Level 2.6 Dodging
 + Level 1.9 Stealth


You had 5 spell levels left.
You didn't know any spells.

Dungeon Overview and Level Annotations

Branches:
Dungeon (4/15)
 Temple: D:4-7

Altars:
Vehumet
The Shining One

Annotations:
D:3 exclusion: 2 downstairs
D:4 Lokiki's ghost, amateur GnMo; Menkaure


Innate Abilities, Weirdness & Mutations

You are small and have problems with some larger weapons.
You are somewhat resistant to further mutation.


Message History

The phantom hits you.
* * * LOW HITPOINT WARNING * * *
The phantom blinks!
The phantom hits you.
* * * LOW HITPOINT WARNING * * *
The phantom blinks!
You hit the phantom but do no damage.
The phantom is severely damaged.
The phantom completely misses you.
The phantom blinks!
The phantom misses you.
You hit the phantom but do no damage.
The phantom is severely damaged.
The phantom blinks!
You hit the phantom.
The phantom is almost destroyed.
The phantom misses you.
You miss the phantom.
The phantom is almost destroyed.
The phantom hits you.
You die...

.............).......#≈≈≈.≈≈≈#.##
.....................#§≈§≈.≈≈#.##
.....................#≈§§≈§.≈#...
.............).......#≈≈§≈§≈§#...
.............).).....#≈≈≈.§≈≈#...
..##########.##....###≈≈≈.§≈≈#...
..#.....)..#.....).# ####'####...
..#.######.#...W...###.##.##.....
..#.#.[..#.#....@§.....#..##.....
..#.#..#.#.#..............##.....
..#.####.#.#..............##.....
..#......#.#.......)......'......
#.########.#..............#..>...
#.....÷....#............(.#......
#.##########.....##########......
#................# #......
###########...#### ###'#'#


You could see a phantom.

Vanquished Creatures
  Ijyb (D:3)
  Jessica (D:2)
  4 adders
  2 river rats (D:3)
  2 oozes
  A worm (D:1)
  6 dart slugs
  7 orcs (D:3)
  11 bats
  4 giant cockroaches
  11 goblins
  13 hobgoblins
  6 jackals
  A quokka (D:3)
  4 ball pythons
  7 frilled lizards
  10 kobolds
  8 rats
99 creatures vanquished.

Notes
Turn   | Place    | Note
-------+----------+-------------------------------------------
     0 | D:1      | Kholdaimon the Halfling Hunter began the quest for the Orb.
     0 | D:1      | Reached XP level 1. HP: 14/14 MP: 1/1
    12 | D:1      | Reached skill level 6 in Slings
    48 | D:1      | Reached XP level 2. HP: 16/19 MP: 2/2
   239 | D:1      | Reached XP level 3. HP: 24/24 MP: 3/3
   401 | D:1      | Reached skill level 7 in Slings
   998 | D:2      | Found a radiant altar of Vehumet.
  1099 | D:2      | Reached XP level 4. HP: 29/29 MP: 4/4
  1274 | D:2      | Found a glowing golden altar of the Shining One.
  1407 | D:2      | Noticed Jessica
  1415 | D:2      | Killed Jessica
  1415 | D:2      | Reached skill level 8 in Slings
  1546 | D:2      | Reached XP level 5. HP: 34/34 MP: 5/5
  2100 | D:3      | Found a glowing drain.
  2119 | D:3      | Reached skill level 1 in Armour
  2266 | Sewer    | Entered a sewer
  2565 | D:3      | Reached XP level 6. HP: 41/41 MP: 6/6
  3193 | D:4      | Noticed Ijyb
  3195 | D:4      | Noticed Lokiki's ghost (amateur GnMo)
  3196 | D:4      | Noticed Menkaure
  3196 | D:4      | Noticed an ogre
  3321 | D:3      | Killed Ijyb
  3321 | D:3      | Reached skill level 9 in Slings
  3558 | D:4      | Noticed a phantom
  3623 | D:3      | Slain by a phantom

Skill      XL: |  1  2  3  4  5  6 |
---------------+-------------------+-----
Slings         | 6 7 8 9 |  9.0
Fighting       | 2 |  2.6
Armour         | 1 |  1.3
Dodging        | |  2.6
Stealth        | |  1.9

Action                   |  1- 3 |  4- 6 || total
-------------------------+-------+-------++-------
Melee: Short sword       |       |    45 ||    45
       Hunting sling     |       |     7 ||     7
 Fire: Hunting sling     |    81 |   218 ||   299
  Use: Scroll            |       |     7 ||     7
       Potion            |       |     1 ||     1
  Eat: Chunk             |       |     7 ||     7
Armor: Leather armour    |     3 |     5 ||     8
       Ring mail         |       |    27 ||    27
Dodge: Dodged            |     9 |    97 ||   106
